 Dungeon Crawl Stone Soup version 0.22-a0-49-g614aadd (webtiles) character file.

148 galech the Ruffian (level 5, -1/50 HPs)
             Began as a Troll Monk on Jan 8, 2018.
             Slain by Terence
             ... wielding a +2 short sword of speed
              (12 damage)
             ... on level 3 of the Dungeon.
             The game lasted 00:03:02 (1813 turns).

galech the Ruffian (Troll Monk)                     Turns: 1813, Time: 00:03:02

Health: -1/50      AC:  5    Str: 20    XL:     5   Next: 8%
Magic:  4/4        EV: 11    Int:  8    God:
Gold:   103        SH:  0    Dex: 12    Spells: 4/4 levels left

rFire    . . .     SeeInvis .     - Unarmed
rCold    . . .     Gourm    +   (no shield)
rNeg     . . .     Faith    .   a - +0 robe
rPois    .         Spirit   .   (helmet restricted)
rElec    .         Reflect  .   (no cloak)
rCorr    .         Harm     .   (gloves unavailable)
MR       .....                  (boots unavailable)
Stlth    ++........             l - amulet of regeneration
HPRegen  0.96/turn              f - +2 ring of intelligence
MPRegen  0.09/turn              (no ring)

@: no status effects
A: large, unfitting armour, claws 3, fast metabolism 3, gourmand, regeneration
1, shaggy fur 1, tough skin 2
a: no special abilities


You were on level 3 of the Dungeon.
You were completely stuffed.

You visited 1 branch of the dungeon, and saw 3 of its levels.

You collected 103 gold pieces.

Inventory:

Armour
 a - a +0 robe (worn)
Jewellery
 f - a +2 ring of intelligence (left claw)
 l - an amulet of regeneration (around neck)
Scrolls
 c - a scroll of enchant armour {unknown}
 h - 3 scrolls of teleportation {unknown}
 i - 2 scrolls of enchant weapon {unknown}
 n - a scroll of remove curse {unknown}
 o - a scroll of fear {unknown}
 p - a scroll of identify {unknown}
 q - a scroll of immolation {unknown}
Potions
 d - a potion of magic {unknown}
 e - a potion of brilliance {unknown}
 g - 3 potions of agility {unknown}
 j - 3 potions of heal wounds {unknown}
 m - 2 potions of degeneration {unknown}
Comestibles
 b - 9 rations
 k - 8 chunks of flesh


   Skills:
 + Level 2.7 Fighting
 + Level 3.0 Dodging
 + Level 1.4 Stealth
 + Level 4.7 Unarmed Combat


You had 4 spell levels left.
You didn't know any spells.

Dungeon Overview and Level Annotations

Branches:
Dungeon (3/15)

Altars:

Annotations:
D:3 Terence


Innate Abilities, Weirdness & Mutations

You are too large for most types of armour.
You have claws for hands.
Your metabolism is lightning-fast.
You like to eat raw meat.
Your natural rate of healing is unusually fast.
You are covered in fur. (AC +1)
You have very tough skin. (AC +2)


Message History

You are too injured to fight recklessly!
You are too injured to fight recklessly!
You are too injured to fight recklessly!
You are too injured to fight recklessly!
You are too injured to fight recklessly!
You scratch Terence.
Terence is lightly wounded.
Terence misses you.
Terence hits you with a short sword of speed!
An orc comes into view.
You scratch Terence.
Terence is moderately wounded.
Terence hits you with a short sword of speed!
* * * LOW HITPOINT WARNING * * *
A jackal comes into view.
The jackal barks!
You hear a bark!
You claw Terence!
Terence is severely wounded.
Terence hits you with a short sword of speed!
You die...

..# ......# ..# ......#
..#o...... .........
#ro...... ##So.....#
#ro#..#### ..## #
#@##..## ......
###.##@##...####..###?#
#.....†...#............
#.#h##..........# ####.
#.........#.....## #.
##...../####.....######
......................#
.#s...<####.....#####..
#.#..## ##.....#####.
#.... #.........##


You could see Terence (berserk), an orc wizard, an adder, 3 orcs, a quokka, a
jackal and a rat.

Vanquished Creatures
  2 orc wizards (D:3)
  An adder (D:2)
  An ooze (D:3)
  4 worms (D:2)
  A dart slug (D:2)
  5 orcs (D:3)
  2 bats
  5 giant cockroaches
  7 goblins (D:2)
  7 hobgoblins
  2 jackals (D:3)
  A quokka (D:2)
  4 ball pythons
  7 frilled lizards
  4 kobolds
  11 rats
64 creatures vanquished.

Notes
Turn   | Place    | Note
-------+----------+-------------------------------------------
     0 | D:1      | galech the Troll Monk began the quest for the Orb.
     0 | D:1      | Reached XP level 1. HP: 22/22 MP: 0/0
   296 | D:1      | Reached XP level 2. HP: 28/29 MP: 1/1
  1207 | D:2      | Reached XP level 3. HP: 31/36 MP: 2/2
  1286 | D:2      | Reached skill level 4 in Unarmed Combat
  1634 | D:2      | Reached XP level 4. HP: 44/44 MP: 3/3
  1794 | D:3      | Noticed Terence
  1799 | D:3      | Reached XP level 5. HP: 40/50 MP: 4/4
  1813 | D:3      | Slain by Terence

Vault maps used:
D:1:      tarquinn_simple_flora_water_c
D:3:      uniq_terence

Skill      XL: |  1  2  3  4 |
---------------+-------------+-----
Unarmed Combat | 4 |  4.7
Dodging        | 3 |  3.0
Fighting       | |  2.7
Stealth        | |  1.4

Action                   |  1- 3 |  4- 6 || total
-------------------------+-------+-------++-------
Melee: Unarmed           |    91 |    60 ||   151
       Punch             |     4 |       ||     4
 Stab: Sleeping          |     4 |       ||     4
       Distracted        |     1 |       ||     1
  Eat: Chunk             |    19 |     3 ||    22
Armor: Robe              |    21 |    19 ||    40
Dodge: Dodged            |    32 |    36 ||    68

Table legend:
 A = Spawn XP
 B = Non-spawn XP
 C = Spawn XP percentage of total XP
 D = Spawn monster count
 E = Non-spawn monster count
 F = Spawn count percentage of total count
 G = Total turns spent on level
                    A         B        C        D         E        F      G
               +---------+---------+-------+---------+---------+-------+---------
         Total |       0 |     212 |   0.0 |       0 |      64 |   0.0 |  1813
               +---------+---------+-------+---------+---------+-------+---------
           D:1 |       0 |      27 |   0.0 |       0 |      20 |   0.0 |   874
           D:2 |       0 |      70 |   0.0 |       0 |      26 |   0.0 |   778
           D:3 |       0 |     115 |   0.0 |       0 |      18 |   0.0 |   161
               +---------+---------+-------+---------+---------+-------+---------
